 Dungeon Crawl Stone Soup version 0.24.0-123-gd5b16e6ec5 (webtiles) character file.

Game seed: 1311005664177877088, levelgen mode: deterministic

90 DeadFury222 the Skirmisher (level 4, -4/35 HPs)
             Began as a Demonspawn Fighter on Jan 11, 2020.
             Killed from afar by an orc wizard (10 damage)
             ... with a puff of flame
             ... on level 3 of the Dungeon.
             The game lasted 00:05:09 (2281 turns).

DeadFury222 the Skirmisher (Demonspawn Fighter)     Turns: 2281, Time: 00:05:09

Health: -4/35      AC:  6    Str: 17    XL:     4   Next: 32%
Magic:  0/4        EV:  7    Int:  9    God:
Gold:   139        SH:  9    Dex: 13    Spells: 3/3 levels left

rFire    . . .     SeeInvis .   i - +0 dagger
rCold    . . .     Gourm    .   c - +0 shield
rNeg     . . .     Faith    .   b - +0 scale mail
rPois    .         Spirit   +   (no helmet)
rElec    .         Reflect  .   (no cloak)
rCorr    .         Harm     .   (no gloves)
MR       .....                  (no boots)
Stlth    ..........             (no amulet)
HPRegen  0.11/turn              (no ring)
MPRegen  0.09/turn              (no ring)

@: no status effects
A: claws 1, powered by death 1, magic shield
a: no special abilities


You were on level 3 of the Dungeon.
You were not hungry.

You visited 1 branch of the dungeon, and saw 3 of its levels.

You collected 139 gold pieces.

Inventory:

Hand Weapons
 i - a +0 dagger (weapon)
Armour
 b - a +0 scale mail (worn)
 c - a +0 shield (worn)
 r - a +0 pair of boots
Jewellery
 h - a +3 ring of strength {unknown}
 o - an uncursed ring of fire {unknown}
Scrolls
 e - a scroll of fear {unknown}
 g - 2 scrolls of remove curse {unknown}
 j - 5 scrolls of identify {unknown}
 k - a scroll of magic mapping {unknown}
 p - a scroll of amnesia {unknown}
Potions
 a - a potion of degeneration {unknown}
 d - 2 potions of might
 l - a potion of brilliance {unknown}
 m - a potion of lignification {unknown}
 n - 3 potions of curing {unknown}
Comestibles
 f - 5 rations
 q - a chunk of flesh


   Skills:
 + Level 3.4 Fighting
 * Level 2.8 Short Blades
 + Level 3.3 Armour
 - Level 0.3 Stealth
 + Level 3.1 Shields


You had 3 spell levels left.
You didn't know any spells.
Your spell library was empty.

Dungeon Overview and Level Annotations

Branches:
Dungeon (3/15)

Altars:
Makhleb


Innate Abilities, Weirdness & Mutations

You have sharp fingernails.
You regenerate a little health from kills.
When hurt, damage is shared between your health and your magic reserves.


Message History

The orc wizard is heavily wounded.
The orc wizard hits you but does no damage.
An orc comes into view. It is wielding a +0 dagger.
The orc wizard hits you but does no damage.
You barely miss the orc wizard.
The orc wizard is heavily wounded.
The orc wizard barely misses you.
You hit the orc wizard.
The orc wizard is heavily wounded.
You block the orc wizard's attack.
You closely miss the orc wizard.
The orc wizard is heavily wounded.
The orc wizard hits you but does no damage.
The orc wizard hits you with a +0 dagger.
* * * LOW HITPOINT WARNING * * *
You hit the orc wizard but do no damage.
The orc wizard is heavily wounded.
The orc wizard casts a spell at you. The puff of flame hits you!
You die... ##### #.... #.... #### ####.... #oo

........ #o# ###....
#####@#####. ##....
#######....>..oo............
#.....#.#########.....##....
#.###.#.# .. #.... #.#...#.#
#.... #.#...#.# ###..
#.#...#.# ###.. #.#...#.#
#.... #.#.....###### #....


You could see an orc wizard and 4 orcs.

Vanquished Creatures
  2 adders (D:3)
  An ooze (D:3)
  A worm (D:3)
  2 dart slugs (D:1)
  3 leopard geckos
  2 orcs (D:3)
  6 bats
  A giant cockroach (D:2)
  5 goblins
  5 hobgoblins
  5 jackals
  A quokka (D:3)
  2 ball pythons (D:3)
  4 frilled lizards
  8 kobolds
  5 rats
53 creatures vanquished.

Notes
Turn   | Place    | Note
-------+----------+-------------------------------------------
     0 | D:1      | DeadFury222 the Demonspawn Fighter began the quest for the
                  | Orb.
     0 | D:1      | Reached XP level 1. HP: 18/18 MP: 1/1
   320 | D:1      | Gained mutation: When hurt, damage is shared between your
                  | health and your magic reserves. [demonic ancestry]
   320 | D:1      | Reached XP level 2. HP: 18/24 MP: 2/2
   930 | D:2      | Gained mutation: You regenerate a little health from kills.
                  | [demonic ancestry]
   930 | D:2      | Reached XP level 3. HP: 29/29 MP: 3/3
  1825 | D:3      | Gained mutation: You have sharp fingernails. [demonic
                  | ancestry]
  1825 | D:3      | Reached XP level 4. HP: 27/35 MP: 4/4
  2076 | D:3      | Found a burning altar of Makhleb.
  2281 | D:3      | Killed from afar by an orc wizard

Levels and vault maps discovered:
D:1:      matt_arrival_diagonals, layout_basic
D:2:      layout_rooms
D:3:      layout_basic, lightli_temple_of_fire

Skill      XL: |  1  2  3 |
---------------+----------+-----
Short Blades   | 2 |  2.8
Armour         | 3 |  3.3
Shields        | 3 |  3.1
Fighting       | |  3.4
Stealth        | |  0.3

Action                   |  1- 3 |  4- 6 || total
-------------------------+-------+-------++-------
Melee: Dagger            |   223 |   137 ||   360
       Rapier            |     2 |       ||     2
  Eat: Chunk             |     2 |     3 ||     5
Armor: Scale mail        |    74 |    41 ||   115
Dodge: Dodged            |    64 |    32 ||    96
Block: Shield            |    93 |    50 ||   143
